 Dungeon Crawl Stone Soup version 0.21-a0-279-g6037ffb (webtiles) character file.

29901 4thArraOfDagon the Arsonist (level 13, -3/91 HPs)
             Began as a Barachi Fire Elementalist on Sept 23, 2017.
             Was a High Priest of Vehumet.
             Slain by a two-headed ogre
             ... wielding a +0 giant club
              (13 damage)
             ... on level 2 of the Orcish Mines.
             The game lasted 01:16:16 (9146 turns).

4thArraOfDagon the Arsonist (BaFE)                  Turns: 9146, Time: 01:16:17

Health: -3/91      AC: 11    Str: 10      XL:     13   Next: 48%
Magic:  6/27       EV: 12    Int: 29      God:    Vehumet [*****.]
Gold:   1170       SH:  0    Dex: 12 (13) Spells: 19/32 levels left

rFire    . . .     SeeInvis .   t - +3 great mace (holy)
rCold    . . .     Gourm    +   (shield currently unavailable)
rNeg     . . .     Faith    .   e - +0 troll leather armour
rPois    +         Spirit   .   (no helmet)
rElec    .         Reflect  .   B - +1 cloak {rPois}
rCorr    +         Harm     .   P - +2 pair of gloves
MR       .....                  (no boots)
Stlth    +++.......             L - amulet of the gourmand
HPRegen  0.65/turn              C - +5 ring of intelligence
MPRegen  0.20/turn              U - ring "Fapsun" {rCorr Int+4 Slay-4 Stlth+}

@: can't hop, slow
A: +LOS, swims, rugged brown scales 1, deterioration 1, frail 1, shaggy fur 1,
slowness 1, strong legs 2
a: Hop, Renounce Religion


You were on level 2 of the Orcish Mines.
You worshipped Vehumet.
Vehumet was extremely pleased with you.
You were very full.

You visited 3 branches of the dungeon, and saw 18 of its levels.

You collected 1235 gold pieces.
You spent 65 gold pieces at shops.

Inventory:

Hand Weapons
 m - a +0 scythe
 t - a +3 great mace of holy wrath (weapon)
 y - a +2 whip of electrocution
Armour
 a - a +0 robe
 e - a +0 troll leather armour (worn)
 B - a +1 cloak of poison resistance (worn)
 P - a +2 pair of gloves (worn)
 W - +0 acid dragon scales
Jewellery
 i - an uncursed ring of poison resistance
 z - an uncursed amulet of rage
 C - a +5 ring of intelligence (left hand)
 E - an uncursed ring of positive energy
 L - an amulet of the gourmand (around neck)
 U - the ring "Fapsun" (right hand) {rCorr Int+4 Slay-4 Stlth+}
   (You found it on level 12 of the Dungeon)

   [ring of resist corrosion]

   It affects your intelligence (+4).
   It affects your accuracy and damage with ranged weapons and melee attacks
   (-4).
   It makes you more stealthy.
Wands
 d - a wand of random effects (13/48)
 l - a wand of disintegration (0/24)
 n - a wand of enslavement (0/24)
 q - a wand of confusion (7/48)
 D - a wand of polymorph (7/24)
 N - a wand of lightning (0/15)
 R - a wand of confusion (18/48)
Scrolls
 f - 3 scrolls of teleportation
 g - 2 scrolls of magic mapping
 p - 5 scrolls of amnesia {unknown}
 s - 2 scrolls of blinking {unknown}
 u - 3 scrolls of immolation
 x - 4 scrolls of remove curse {unknown}
 F - 2 scrolls of brand weapon {unknown}
 I - a scroll of vulnerability {unknown}
 M - 2 scrolls of recharging {unknown}
 Q - a scroll of fog {unknown}
 S - a scroll of noise {unknown}
 Y - a scroll of enchant weapon {unknown}
Potions
 k - a potion of brilliance {unknown}
 o - 2 potions of heal wounds
 w - 4 potions of mutation
 A - 2 potions of flight
 H - a potion of invisibility
 J - 2 potions of might {unknown}
 O - a potion of haste
 T - 3 potions of agility {unknown}
 X - a potion of degeneration {unknown}
 Z - 2 potions of lignification
Books
 b - a book of Flames

   Spells                             Type                      Level
   a - Flame Tongue                   Conjuration/Fire             1
   b - Throw Flame                    Conjuration/Fire             2
   c - Conjure Flame                  Conjuration/Fire             3
   d - Inner Flame                    Hexes/Fire                   3
   e - Sticky Flame                   Conjuration/Fire             4
   f - Fireball                       Conjuration/Fire             5
 v - a book of Misfortune

   Spells                             Type                      Level
   a - Confusing Touch                Hexes                        1
   b - Confuse                        Hexes                        3
   c - Gell's Gravitas                Translocation                3
   d - Petrify                        Transmutation/Earth          4
   e - Metabolic Englaciation         Hexes/Ice                    5
   f - Yara's Violent Unravelling     Hexes/Transmutation          5
Miscellaneous
 K - a fan of gales
 V - a lamp of fire
Comestibles
 c - 4 bread rations
 h - 7 meat rations
 j - a fruit
 r - 15 royal jellies


   Skills:
 + Level 7.8 Fighting
 - Level 2.1 Dodging
 - Level 1.7 Stealth
 + Level 10.2 Spellcasting
 * Level 14.4 Conjurations
 * Level 14.6 Fire Magic


You had 19 spell levels left.
You knew the following spells:

 Your Spells              Type           Power        Failure   Level  Hunger
a - Flame Tongue          Conj/Fire      #####        0%          1    None
b - Conjure Flame         Conj/Fire      #######.     1%          3    None
c - Sticky Flame          Conj/Fire      #######.     1%          4    None
d - Fireball              Conj/Fire      #######...   1%          5    ###....


Dungeon Overview and Level Annotations

Branches:
Dungeon (15/15)            Temple (1/1) D:6             Orc (2/2) D:11
 Vaults (0/5) D:13
   Lair: D:8-11         Elf: Orc:2       Depths: D:15

Altars:
Ashenzari
Cheibriados
Dithmenos
Elyvilon
Fedhas
Gozag
Hepliaklqana
Kikubaaqudgha
Makhleb
Nemelex Xobeh
Okawaru
Qazlal
Ru
Sif Muna
Trog
Uskayaw
Vehumet
Wu Jian
Xom
Yredelemnul
Zin
The Shining One
Beogh
Jiyva

Shops:
D:6 =   D:8 }   D:12 (%

Annotations:
D:4 Eustachio
D:14 exclusion: fire dragon


Innate Abilities, Weirdness & Mutations

Shadows flee at your approach. (+LOS)
You can swim through water.
You cover ground slowly.
You can hop longer distances.
You are partially covered in rugged brown scales. (AC +1, +3% HP)
Your body sometimes deteriorates upon taking damage.
You are frail. (-10% HP)
You are covered in fur. (AC +1)


Message History

2 orcs come into view.
You hear a shout!
The orc moves out of view.
The two-headed ogre hits you with a giant club!!
The two-headed ogre hits you but does no damage.
The orc warrior hits you but does no damage.
The orc warrior throws a silver tomahawk.
The silver tomahawk barely misses you.
The silver tomahawk hits the two-headed ogre!
The orc warrior hits you with a scimitar!
The two-headed ogre hits you but does no damage.
The two-headed ogre hits you with a giant club!!
* * * LOW HITPOINT WARNING * * *
You can move again.
An orc comes into view.
Unknown command.
Your legs are too worn out to hop.
The two-headed ogre hits you but does no damage.
The two-headed ogre hits you with a giant club!
You die...

....$. ......
#..o.)#
.o...o.#
.....o)†
..).)o.)###
..)).o...(##
..)).$o)oO(##
......###@..##
..$. ###..##
.. #..<# ##.##
#... ##.## ###


You could see a two-headed ogre, an orc sorcerer, 3 orc warriors, an orc priest
and 3 orcs.

Vanquished Creatures
  Rupert (D:13)
  6 two-headed ogres
  2 unseen horrors
  2 orc knights
  Pikel (D:4)
  An ugly thing (D:12)
  An orc sorcerer (Orc:2)
  4 centaur zombies
  A gargoyle (D:10)
  A yaktaur (D:15)
  A harpy zombie (D:15)
  3 trolls
  A queen bee (shapeshifter) (D:13)
  10 slime creatures
  Prince Ribbit (D:5)
  2 hippogriffs
  Sigmund (D:5)
  2 vampires
  A wyvern (D:10)
  2 wraiths (D:10)
  28 yaks
  A basilisk (D:14)
  15 humans (D:13)
  A steam dragon (D:13)
  Grum (D:8)
  2 hungry ghosts
  3 vampire mosquitoes (D:13)
  A swamp worm (D:13)
  A warg (Orc:2)
  An acid dragon (D:14)
  A water moccasin (D:12)
  2 black bears
  A hornet zombie (D:10)
  2 sky beasts (D:7)
  6 orc warriors
  An eye of draining (D:14)
  2 ice beasts
  5 ogres
  4 necrophages (D:7)
  2 wolves (D:8)
  2 centaurs (D:9)
  A big kobold (D:12)
  2 gnoll sergeants
  11 bullfrogs
  3 scorpions
  A wyvern skeleton (D:13)
  17 killer bees
  11 wights
  2 electric eels (D:12)
  3 howler monkeys
  4 crimson imps
  2 bullfrog zombies
  A quasit (D:11)
  3 bullfrog skeletons
  7 jellies
  11 orc priests
  10 orc wizards
  7 hounds
  Crazy Yiuf (D:6)
  2 centaur skeletons
  2 gnoll shamans
  2 iguanas
  Natasha (twice) (D:4)
  6 worker ants
  A killer bee zombie (D:7)
  A hound zombie (D:7)
  A worker ant zombie (D:9)
  23 gnolls
  8 adders
  A howler monkey skeleton (D:4)
  A shadow imp (D:9)
  6 oozes
  An adder zombie (D:6)
  2 worms
  3 leopard geckos
  60 orcs
  7 giant cockroaches
  5 goblins (D:2)
  6 hobgoblins
  9 kobolds
  5 quokkas
  2 bats
  2 frilled lizards
  A leopard gecko zombie (D:6)
  8 rats
  A bush (D:7)
391 creatures vanquished.

Vanquished Creatures (others)
  A slave (D:4)
  A wight (D:6)
  A howler monkey (D:4)
  A worker ant (D:4)
  2 bushes (D:7)
  29 plants
35 creatures vanquished.

Grand Total: 426 creatures vanquished

Notes
Turn   | Place    | Note
-------+----------+-------------------------------------------
     0 | D:1      | 4thArraOfDagon the Barachi Fire Elementalist began the quest for the Orb.
     0 | D:1      | Reached XP level 1. HP: 13/13 MP: 3/3
   134 | D:2      | Reached XP level 2. HP: 14/19 MP: 0/5
   309 | D:2      | Reached XP level 3. HP: 19/24 MP: 3/6
   333 | D:2      | Learned a level 3 spell: Conjure Flame
   385 | D:2      | Thaneod: jaka jest zaleznosc miedzy skillami
   428 | D:3      | 4thArraOfDagon: w jakim sensie?
   428 | D:3      | Thaneod: ah ok
   428 | D:3      | Thaneod: no w takim wlasnie:)
   428 | D:3      | 4thArraOfDagon: klikasz *
   428 | D:3      | 4thArraOfDagon: i masz porownanie :)
   541 | D:4      | Reached XP level 4. HP: 30/30 MP: 3/8
   590 | D:4      | Thaneod: i jak trenujesz skilla jakiegos
   626 | D:4      | Thaneod: to kiedy jest próg żeby coś mi dodało do postaci?
   670 | D:4      | Thaneod: np. spellcasting między 2.9 a 3.0?
   691 | D:4      | Noticed Eustachio
   694 | D:5      | Entered Level 5 of the Dungeon
   697 | D:5      | Thaneod: czy generalnie co każdy 0.1 mi coś tam daje?
   702 | D:5      | Learned a level 4 spell: Sticky Flame
   702 | D:5      | 4thArraOfDagon: spellcasting
   702 | D:5      | 4thArraOfDagon: daje co kazdy pelny punky
   702 | D:5      | 4thArraOfDagon: punkt
   702 | D:5      | 4thArraOfDagon: a reszta to trzeba patrzec
   702 | D:5      | 4thArraOfDagon: na przyklad moje czary
   702 | D:5      | 4thArraOfDagon: klikasz teraz wykrzyknik
   702 | D:5      | 4thArraOfDagon: i widzisz jak sie zmienia power
   702 | D:5      | 4thArraOfDagon: i range
   702 | D:5      | 4thArraOfDagon: wraz ze wzrostem conj i fire
   702 | D:5      | Thaneod: ah
   702 | D:5      | 4thArraOfDagon: niestety niema breakpointow
   702 | D:5      | 4thArraOfDagon: trzeba patrzec :/
   702 | D:5      | Thaneod: czyli spellcasting tylko mana i szansa na czar?
   702 | D:5      | 4thArraOfDagon: i spellhunger
   702 | D:5      | 4thArraOfDagon: tak
   702 | D:5      | 4thArraOfDagon: ja spellcasting zostawiam a focusuje reszte
   702 | D:5      | 4thArraOfDagon: bo tam +1 do many nieda ci duzo
   702 | D:5      | Thaneod: czyli co każdy 0.1 może mi coś dać
   702 | D:5      | 4thArraOfDagon: tak
   702 | D:5      | 4thArraOfDagon: trzeba patrzec :)
   702 | D:5      | Thaneod: ok
   702 | D:5      | 4thArraOfDagon: bede za 15 minut
   702 | D:5      | Thaneod: a z fighting i armor tez?
   724 | D:5      | Noticed Sigmund
   733 | D:5      | Killed Sigmund
   733 | D:5      | Reached skill level 5 in Fire Magic
   733 | D:5      | Reached XP level 5. HP: 9/35 MP: 0/10
   733 | D:5      | Reached XP level 6. HP: 11/41 MP: 0/11
   856 | D:5      | Noticed Prince Ribbit
   889 | D:5      | Killed Prince Ribbit
   889 | D:5      | Reached XP level 7. HP: 37/46 MP: 9/13
   915 | D:5      | Learned a level 5 spell: Fireball
   961 | D:6      | Reached skill level 5 in Conjurations
   969 | D:6      | Found a staircase to the Ecumenical Temple.
   988 | Temple   | Entered the Ecumenical Temple
  1016 | Temple   | Became a worshipper of Vehumet
  1641 | D:3      | Reached * piety under Vehumet
  1641 | D:3      | Offered knowledge of Magic Dart by Vehumet.
  1844 | D:4      | Reached XP level 8. HP: 25/52 MP: 3/15
  1889 | D:4      | Noticed Pikel
  1910 | D:4      | Killed Pikel
  1910 | D:4      | Reached skill level 5 in Spellcasting
  1932 | D:4      | Noticed Natasha
  1939 | D:4      | Killed Natasha
  1976 | D:4      | Noticed Natasha
  1979 | D:4      | Killed Natasha
  2105 | D:6      | Found Nala's Jewellery Boutique.
  2114 | D:6      | Bought a cursed -4 ring of protection for 20 gold pieces
  2114 | D:6      | Bought a cursed ring of teleportation for 45 gold pieces
  2172 | D:6      | Found a runed door.
  2176 | D:6      | Noticed Crazy Yiuf
  2179 | D:6      | Killed Crazy Yiuf
  2419 | D:6      | 4thArraOfDagon: first I will smash them with fball
  2434 | D:6      | Thaneod: show me liquid
  2434 | D:6      | Reached XP level 9. HP: 36/57 MP: 3/17
  2442 | D:6      | Thaneod: and how to kill invisible enemy with mage
  2444 | D:6      | 4thArraOfDagon: sec
  2446 | D:6      | 4thArraOfDagon: when you cast sticky flame on invis target
  2446 | D:6      | 4thArraOfDagon: it is automatically revealed too
  2450 | D:6      | 4thArraOfDagon: watch sticky
  2454 | D:6      | 4thArraOfDagon: two turns but it almost killed it
  2454 | D:6      | Thaneod: k
  2504 | D:6      | Found a sparkling altar of Nemelex Xobeh.
  2537 | D:6      | Thaneod: and how to target with spell invisible enemy(with mark "?"?
  2615 | D:7      | Thaneod: it says Z
  2618 | D:7      | 4thArraOfDagon: watch
  2618 | D:7      | Thaneod: but fails;/
  2620 | D:7      | 4thArraOfDagon: i know that enemy is here
  2620 | D:7      | 4thArraOfDagon: right?
  2620 | D:7      | Thaneod: k
  2620 | D:7      | Thaneod: unless blink:P
  2620 | D:7      | 4thArraOfDagon: so target
  2620 | D:7      | 4thArraOfDagon: with shift z
  2620 | D:7      | 4thArraOfDagon: Z
  2620 | D:7      | Thaneod: ok
  2620 | D:7      | 4thArraOfDagon: and you can cast freely now
  2620 | D:7      | 4thArraOfDagon: same with fireball
  2620 | D:7      | 4thArraOfDagon: when you want to kill monsters behind the wall etc
  2620 | D:7      | 4thArraOfDagon: so watch how sticky works
  2621 | D:7      | 4thArraOfDagon: now you either fight to deal extra damage or run
  2625 | D:7      | 4thArraOfDagon: dead
  2625 | D:7      | 4thArraOfDagon: :)
  2626 | D:7      | Thaneod: hmm
  2629 | D:7      | Thaneod: hit and run
  2629 | D:7      | 4thArraOfDagon: ye
  2736 | D:7      | 4thArraOfDagon: but if you find decent melee weapon
  2736 | D:7      | 4thArraOfDagon: just fight to deal exra damage
  2736 | D:7      | 4thArraOfDagon: along with sticky
  2736 | D:7      | Thaneod: like speak +9 distort:)
  2756 | D:7      | Thaneod: spear...
  2767 | D:7      | Thaneod: wands dont need evocations?
  2771 | D:7      | Thaneod: to be effective?
  2888 | D:7      | Reached ** piety under Vehumet
  2888 | D:7      | Offered knowledge of Searing Ray by Vehumet.
  2893 | D:7      | 4thArraOfDagon: no, they dont
  2893 | D:7      | 4thArraOfDagon: so I dont know why you always dropped them :)
  2903 | D:7      | Gained mutation: Your body sometimes deteriorates upon taking damage. [mutagenic meat]
  2904 | D:7      | Gained mutation: You are covered in fur. (AC +1) [mutagenic meat]
  2905 | D:7      | Gained mutation: You are partially covered in rugged brown scales. (AC +1, +3% HP) [mutagenic meat]
  2906 | D:7      | Gained mutation: You are frail. (-10% HP) [mutagenic meat]
  2915 | D:7      | 4thArraOfDagon: bad rolls this time
  2973 | D:7      | 4thArraOfDagon: lets turn off autopickup on chungs, fruits, identify and books
  2973 | D:7      | Thaneod: awesome whip btw
  3013 | D:7      | 4thArraOfDagon: byl lyl
  3072 | D:7      | Found a blossoming altar of Fedhas.
  3081 | D:7      | 4thArraOfDagon: look, free exp farm
  3081 | D:7      | 4thArraOfDagon: :)
  3132 | D:7      | 4thArraOfDagon: one more
  3132 | D:7      | 4thArraOfDagon: zombies and skeletons always walk onto confjure flame
  3132 | D:7      | 4thArraOfDagon: so it kills them instantly
  3132 | D:7      | 4thArraOfDagon: :)
  3136 | D:7      | 4thArraOfDagon: look
  3155 | D:7      | 4thArraOfDagon: well necrophages arent zombies nor skeles
  3155 | D:7      | 4thArraOfDagon: so ;)
  3200 | D:8      | Thaneod: haha
  3200 | D:8      | Found Jethulun's Gadget Shoppe.
  3280 | D:8      | Noticed a two-headed ogre
  3294 | D:8      | Killed a two-headed ogre
  3294 | D:8      | Reached skill level 10 in Fire Magic
  3294 | D:8      | Reached XP level 10. HP: 19/58 MP: 5/20
  3317 | D:8      | Thaneod: ogre is stupid too?
  3325 | D:8      | 4thArraOfDagon: two-headed ones
  3325 | D:8      | Thaneod: not intelligent monster I mean
  3325 | D:8      | 4thArraOfDagon: are semi-stupid
  3325 | D:8      | Thaneod: k
  3325 | D:8      | 4thArraOfDagon: they walk on conjure flame like once in 5 turns I would say
  3336 | D:8      | 4thArraOfDagon: so eventually you will kill them, just be patient
  3336 | D:8      | 4thArraOfDagon: conjure+sticky = easy win
  3382 | D:8      | 4thArraOfDagon: jellies are stupid
  3453 | D:8      | Found a sacrificial altar of Ru.
  3476 | D:8      | Thaneod: acid blob for example too?
  3549 | D:8      | 4thArraOfDagon: yes
  3549 | D:8      | 4thArraOfDagon: but
  3549 | D:8      | 4thArraOfDagon: you usually want them not adjacted to you
  3549 | D:8      | Thaneod: corrode;/
  3549 | D:8      | 4thArraOfDagon: by the time you will in acid pits, you will have better tools like fire bolt or even firestorm
  3563 | D:8      | Noticed Grum
  3572 | D:8      | Killed Grum
  3695 | D:8      | 4thArraOfDagon: and at that point monster being stupid or not doesnt matter ;)
  3743 | D:9      | Offered knowledge of Ignite Poison by Vehumet.
  3774 | D:9      | Thaneod: hmm
  3803 | D:9      | Reached skill level 10 in Conjurations
  3817 | D:9      | Reached *** piety under Vehumet
  3818 | D:9      | Thaneod: you can cast multiple conjure in one place?
  3818 | D:9      | 4thArraOfDagon: no, just one
  3818 | D:9      | 4thArraOfDagon: trolls are also semi-stupid
  3818 | D:9      | 4thArraOfDagon: look
  3818 | D:9      | 4thArraOfDagon: it will eventually walk into flame
  3822 | D:9      | 4thArraOfDagon: two turns
  3822 | D:9      | Thaneod: the first game, when orcs are not semi-stupid:P
  3822 | D:9      | 4thArraOfDagon: now: sticky, 1 hit and rip
  3895 | D:9      | 4thArraOfDagon: btw: it is occasionally good to walk along with tail of crappy monsters
  3895 | D:9      | 4thArraOfDagon: in order to kill them all with 1 fireball
  3895 | D:9      | 4thArraOfDagon: to gain more mp
  3952 | D:9      | Noticed a two-headed ogre
  3972 | D:9      | Killed a two-headed ogre
  3973 | D:9      | Thaneod: pff...
  4067 | D:9      | Thaneod: when to start fighting/armour/dodge training?
  4137 | D:9      | 4thArraOfDagon: there is no general rule
  4137 | D:9      | Rhok: some fighting early is good tho, no?
  4137 | D:9      | Rhok: for hp
  4137 | D:9      | 4thArraOfDagon: but I would say: if you play orc, train fighting and armour always because you have strong positive apts
  4137 | D:9      | Thaneod: yeah
  4137 | D:9      | Thaneod: with mage every hp matter
  4137 | D:9      | 4thArraOfDagon: same for barachi ( this char)
  4137 | D:9      | 4thArraOfDagon: but I play bit differently ( don't take it as example to follow ) ;)
  4137 | D:9      | Thaneod: armour when you found some awesome armour
  4137 | D:9      | Thaneod: ough ok
  4137 | D:9      | 4thArraOfDagon: yea
  4137 | D:9      | 4thArraOfDagon: armour
  4137 | D:9      | p0werm0de: https://www.youtube.com/watch?v=hkUBDZchFCw
  4143 | D:9      | p0werm0de: this leads to success man
  4162 | D:9      | p0werm0de: !hs * bafe
  4163 | D:9      | Rhok: pff i just tabbed learnean hydra lmfao
  4163 | D:9      | beem: 470. Yermak the Annihilator (L27 BaFE of Vehumet), escaped with the Orb and 15 runes on 2017-03-31 20:52:56, with 19754992 points after 78178 turns and 8:07:30.
  4178 | D:9      | p0werm0de: yermak good
  4181 | D:9      | p0werm0de: ;D
  4186 | D:9      | Thaneod: https://www.youtube.com/watch?v=Q-oluoEQCk0
  4231 | D:9      | ReniFell: p0 go make ur hs stop treating ppl
  4249 | D:9      | Thaneod: haha
  4259 | D:10     | Entered Level 10 of the Dungeon
  4269 | D:10     | Thaneod: Rhok my first encounter with her, was this same for me:)
  4292 | D:10     | p0werm0de: i just want to help
  4293 | D:10     | p0werm0de: WE COME IN PEACE
  4294 | D:10     | ReniFell: my first encounter with lernie was like
  4296 | D:10     | Thaneod: with ~30 AC is easy
  4297 | D:10     | ReniFell: it tabbed me
  4322 | D:10     | Noticed an unseen horror
  4325 | D:10     | Killed an unseen horror
  4325 | D:10     | Reached skill level 1 in Fighting
  4325 | D:10     | Reached XP level 11. HP: 52/66 MP: 9/22
  4426 | D:10     | Offered knowledge of Fulminant Prism by Vehumet.
  4440 | D:10     | HP: 2/66 [vampire/vampiric draining (14)]
  4444 | D:10     | Thaneod: 2hp
  4445 | D:10     | ReniFell: tough one
  4538 | D:10     | Found a sparkling altar of Nemelex Xobeh.
  4919 | D:11     | Reached **** piety under Vehumet
  4945 | D:11     | Found a viscous altar of Jiyva.
  4946 | D:11     | Offered knowledge of Irradiate by Vehumet.
  5135 | D:11     | Noticed an orc knight
  5204 | D:12     | Found Zabraghae's Weapon Emporium.
  5228 | D:12     | Noticed a white ugly thing
  5243 | D:12     | Killed a white ugly thing
  5399 | D:12     | Found Liyjuj's Food Boutique.
  5484 | D:12     | Got a vibrating granite ring
  5486 | D:12     | Identified the ring "Fapsun" {rCorr Int+4 Slay-4 Stlth+} (You found it on level 12 of the Dungeon)
  5657 | D:13     | Found a gate to the Vaults.
  5657 | D:13     | Noticed an orc knight
  5657 | D:13     | Noticed a two-headed ogre
  5657 | D:13     | Noticed Nessos
  6035 | D:12     | Noticed a cyan ugly thing
  6192 | D:12     | Reached XP level 12. HP: 62/78 MP: 22/24
  6518 | D:14     | Noticed a two-headed ogre
  6526 | D:14     | Killed a two-headed ogre
  6526 | D:14     | Reached skill level 5 in Fighting
  6608 | D:15     | Entered Level 15 of the Dungeon
  7008 | D:14     | Noticed a fire dragon
  7026 | D:14     | 4thArraOfDagon: w00t
  7106 | D:14     | Thaneod: matrix error
  7121 | D:14     | Reached ***** piety under Vehumet
  7245 | D:14     | Offered knowledge of Spellforged Servitor by Vehumet.
  7434 | D:14     | 4thArraOfDagon: regen at last
  7529 | D:13     | Thaneod: troll armour is good for mage?
  7601 | D:13     | 4thArraOfDagon: ye
  7601 | D:13     | 4thArraOfDagon: best you can find in early dungeon
  7837 | D:13     | 4thArraOfDagon: next tip
  7837 | D:13     | 4thArraOfDagon: always carry polymorh
  7837 | D:13     | Thaneod: liquid will work even if you tele away?
  7837 | D:13     | 4thArraOfDagon: yes
  7837 | D:13     | 4thArraOfDagon: but few turns
  7837 | D:13     | 4thArraOfDagon: look how you can easily poly nessos
  7837 | D:13     | 4thArraOfDagon: with no evo
  7837 | D:13     | Noticed Nessos
  7837 | D:13     | Nessos changed into Nessos the swamp worm
  7838 | D:13     | 4thArraOfDagon: into something less dangerous
  7838 | D:13     | 4thArraOfDagon: like this harmless worm
  7842 | D:13     | Killed Nessos the swamp worm
  7858 | D:13     | 4thArraOfDagon: now free mp and exp
  7859 | D:13     | Thaneod: ough
  7862 | D:13     | Thaneod: another nice trick
  7864 | D:13     | Killed a two-headed ogre
  7869 | D:13     | Thaneod: if you cast conjure on conjure it will last longer?
  7906 | D:13     | 4thArraOfDagon: no, it wont work :)
  7944 | D:13     | Thaneod: I mean replenish time
  7965 | D:13     | Thaneod: when first conjure is almost gone
  8016 | D:13     | Gained mutation: You can hop longer distances. [Barachi growth]
  8016 | D:13     | Reached XP level 13. HP: 88/88 MP: 10/26
  8109 | D:13     | Noticed Rupert
  8114 | D:13     | 4thArraOfDagon: no, you must wait untill it vanishes completely
  8137 | D:13     | Rhok: rupert got mad D:
  8222 | D:13     | Killed Rupert
  8222 | D:13     | Reached skill level 10 in Spellcasting
  8530 | D:9      | 4thArraOfDagon: no orcs
  8698 | D:11     | 4thArraOfDagon: there
  8803 | D:11     | Offered knowledge of Olgreb's Toxic Radiance by Vehumet.
  8821 | D:11     | Found a staircase to the Orcish Mines.
  8822 | D:11     | Found a roughly hewn altar of Beogh.
  8871 | Orc:1    | Entered Level 1 of the Orcish Mines
  8883 | Orc:1    | Thaneod: orc knight is semi intelligent too?
  9011 | Orc:1    | Found a radiant altar of Vehumet.
  9066 | Orc:2    | Entered Level 2 of the Orcish Mines
  9066 | Orc:2    | 4thArraOfDagon: ye
  9118 | Orc:1    | 4thArraOfDagon: these little things you must learn duringit play, theres no manual for
  9135 | Orc:2    | Thaneod: k
  9143 | Orc:2    | Paralysed by an orc sorcerer for 3 turns
  9146 | Orc:2    | Slain by a two-headed ogre

Vault maps used:
D:1:      nzn_arrival_settlement
D:4:      uniq_eustachio, uniq_pikel, uniq_natasha
D:5:      first_bread, serial_bayou_lagoon_b, uniq_sigmund, uniq_prince_ribbit1
D:6:      minmay_temple_entry_glassed_door, basic_altar, serial_shops, shop,
          grunt_ministairs_12, uniq_crazy_yiuf_cottage
D:7:      fedhas_altar_decomposition
D:8:      nicolae_ru_path_of_blood, david_lair_shrubbed, serial_shops,
          nicolae_shop_behind_doors, hangedman_little_slice_of_home, uniq_grum
D:10:     nemelex_xobeh_ov_fountains_minmay, uniq_urug
D:11:     david_orc_5, jiyva_altar_1
D:12:     serial_shops, nicolae_shop_crystal, nicolae_shop_crystal,
          nicolae_water_bricks
D:13:     david_vaults_3, kennysheep_generic_room_5, uniq_nessos, uniq_rupert
D:14:     roderic_cross_of_infinity, pf_eden, uniq_josephine
D:15:     gammafunk_depths_entry_grave, abandoned_shop, stair_cage_line,
          minivault_5
Temple:   grunt_wide_crystal_templ
Orc:1:    basic_altar
Orc:2:    pf_orc_diabolical, basic_altar

Skill      XL: |  1  2  3  4  5  6  7  8  9 10 11 12 13 |
---------------+----------------------------------------+-----
Conjurations   | 2 3 4 5 7 9 11 12 13 14 | 14.4
Fire Magic     | 4 5 6 8 10 11 12 14 | 14.6
Spellcasting   | 3 4 5 6 7 8 9 10 | 10.2
Fighting       | 1 4 6 7 |  7.8
Dodging        | |  2.1
Stealth        | |  1.7

Action                   |  1- 3 |  4- 6 |  7- 9 | 10-12 | 13-15 || total
-------------------------+-------+-------+-------+-------+-------++-------
Melee: Club              |     2 |     2 |    21 |       |       ||    25
       Quarterstaff      |       |       |    37 |       |       ||    37
       Whip              |       |       |    36 |   221 |    40 ||   297
       Hand axe          |       |       |       |     3 |       ||     3
       Great mace        |       |       |       |       |    58 ||    58
Throw: Throwing net      |       |       |       |     1 |       ||     1
 Cast: Flame Tongue      |    43 |    23 |   106 |   182 |    31 ||   385
       Sticky Flame      |       |     1 |    19 |    86 |    14 ||   120
       Conjure Flame     |       |       |     7 |    65 |    13 ||    85
       Fireball          |       |       |     8 |    19 |    19 ||    46
 Abil: Hop               |       |       |     1 |     6 |     3 ||    10
Evoke: Wand              |       |     5 |    25 |     8 |       ||    38
       Lamp of fire      |       |       |       |     1 |       ||     1
  Use: Scroll            |       |     4 |     3 |     4 |     1 ||    12
       Potion            |       |       |       |     5 |     1 ||     6
 Stab: Sleeping          |       |       |       |     1 |     1 ||     2
       Held in net/web   |       |       |       |     1 |       ||     1
       Invisible         |       |       |       |     1 |       ||     1
  Eat: Bread ration      |       |     1 |       |       |       ||     1
       Chunk             |       |       |    15 |    39 |     5 ||    59
       Royal jelly       |       |       |     1 |     1 |       ||     2
Armor: Robe              |     3 |     1 |    21 |    52 |       ||    77
       Skin              |       |       |       |     3 |       ||     3
       Acid dragon scale |       |       |       |    40 |       ||    40
       Troll leather arm |       |       |       |    18 |    53 ||    71
Dodge: Dodged            |    17 |     9 |    85 |   197 |    84 ||   392

Table legend:
 A = Spawn XP
 B = Non-spawn XP
 C = Spawn XP percentage of total XP
 D = Spawn monster count
 E = Non-spawn monster count
 F = Spawn count percentage of total count
 G = Total turns spent on level
                    A         B        C        D         E        F      G
               +---------+---------+-------+---------+---------+-------+---------
         Total |       0 |   42717 |   0.0 |       0 |     391 |   0.0 |  9146
               +---------+---------+-------+---------+---------+-------+---------
           D:1 |       0 |      14 |   0.0 |       0 |       9 |   0.0 |   257
           D:2 |       0 |      79 |   0.0 |       0 |      21 |   0.0 |   449
           D:3 |       0 |      33 |   0.0 |       0 |      13 |   0.0 |   266
           D:4 |       0 |    1033 |   0.0 |       0 |      21 |   0.0 |   556
           D:5 |       0 |     660 |   0.0 |       0 |      10 |   0.0 |   402
           D:6 |       0 |     774 |   0.0 |       0 |      25 |   0.0 |   642
           D:7 |       0 |    1366 |   0.0 |       0 |      25 |   0.0 |   583
           D:8 |       0 |    1751 |   0.0 |       0 |      19 |   0.0 |   522
           D:9 |       0 |    3055 |   0.0 |       0 |      36 |   0.0 |   626
          D:10 |       0 |    4557 |   0.0 |       0 |      25 |   0.0 |   674
          D:11 |       0 |    4976 |   0.0 |       0 |      56 |   0.0 |   907
          D:12 |       0 |    3825 |   0.0 |       0 |      26 |   0.0 |  1150
          D:13 |       0 |   10855 |   0.0 |       0 |      48 |   0.0 |   838
          D:14 |       0 |    5093 |   0.0 |       0 |      25 |   0.0 |   739
          D:15 |       0 |    1591 |   0.0 |       0 |       4 |   0.0 |   222
         Orc:1 |       0 |    1660 |   0.0 |       0 |      11 |   0.0 |   256
         Orc:2 |       0 |    1395 |   0.0 |       0 |      17 |   0.0 |    19
               +---------+---------+-------+---------+---------+-------+---------
